 Dungeon Crawl Stone Soup version 0.29-a0-824-gd827844252 (webtiles) character file.

Game seed: 18155798811611104108

95 gobodom the Grave Robber (level 4, -5/24 HPs)
             Began as a Vampire Necromancer on July 10, 2022.
             Slain by a gnoll
             ... wielding a +0 club
              (7 damage)
             ... on level 3 of the Dungeon.
             The game lasted 00:09:11 (2815 turns).

gobodom the Grave Robber (Vampire Necromancer)      Turns: 2815, Time: 00:09:11

Health: -5/24      AC:  5    Str: 13    XL:     4   Next: 40%
Magic:  2/8        EV: 12    Int: 19    God:
Gold:   138        SH:  0    Dex: 14    Spells: 8/9 levels left

rFire   . . .      SeeInvis +   (no weapon)
rCold   + + .      Faith    .   (no shield)
rNeg    + + +      Spirit   .   a - +0 robe
rPois   ∞          Reflect  .   m - +2 helmet
rElec   .          Harm     .   (no cloak)
rCorr   .          Rampage  .   (no gloves)
Will    .....      NoTele   +   (no boots)
Stlth   ++++......              n - amulet of Mirhi {-Tele rN++ Regen+ Slay+3}
HPRegen 0.00/turn               d - +6 ring of strength
MPRegen 0.11/turn               (no ring)

@: bloodless, inhibited regen
A: bloodless, fangs 3, see invisible, vampiric 2
a: Bat Form, Revivify


You were on level 3 of the Dungeon.
You visited 1 branch of the dungeon, and saw 3 of its levels.

You collected 138 gold pieces.

Inventory:

Armour
 a - a +0 robe (worn)
 m - a +2 helmet (worn)
Jewellery
 d - a +6 ring of strength (left hand)
 n - the amulet of Mirhi (around neck) {-Tele rN++ Regen+ Slay+3}
   (You found it on level 2 of the Dungeon)

   [amulet of regeneration]

   Slay:      It affects your accuracy & damage with ranged weapons and melee
   (+3).
   rN:        It greatly protects you from negative energy.
   -Tele:     It prevents most forms of teleportation.
   Regen:     It increases your rate of health regeneration.
 q - a ring of poison resistance
 r - a ring of positive energy
Scrolls
 c - 2 scrolls of identify {unknown}
 e - a scroll of vulnerability {unknown}
 g - 2 scrolls of noise {unknown}
 i - a scroll of teleportation {unknown}
 k - a scroll of amnesia {unknown}
 s - a scroll of enchant weapon {unknown}
Potions
 b - 2 potions of magic
 f - a potion of lignification {unknown}
 h - 2 potions of haste {unknown}
 j - a potion of berserk rage {unknown}
 l - a potion of curing {unknown}
 o - a potion of might {unknown}
 p - a potion of flight {unknown}


   Skills:
 + Level 2.3 Dodging
 + Level 3.1 Stealth
 + Level 0.5 Unarmed Combat
 + Level 3.2 Spellcasting
 + Level 5.4 Necromancy


You had 8 spell levels left.
You knew the following spells:

 Your Spells              Type           Power      Damage    Failure   Level
a - Necrotise             Necr           92%        1d8       1%          1

Your spell library contained the following spells:

 Spells                   Type           Power      Damage    Failure   Level
 Vampiric Draining        Necr           23%        2d7       4%          3
 Freeze                   Ice            12%        1d4       16%         1
 Animate Dead             Necr           23%        N/A       16%         4
 Ozocubu's Armour         Ice            3%         N/A       41%         3
 Agony                    Necr           23%        N/A       41%         5
 Fulminant Prism          Conj/Hex       1%         3d6       83%         4
 Iskenderun's Mystic Bla  Conj/Tloc      3%         2d3       83%         4
 Lee's Rapid Deconstruct  Erth           1%         3d5*      99%         5
 Metabolic Englaciation   Hex/Ice        1%         N/A       99%         5
 Simulacrum               Ice/Necr       6%         N/A       100%        6


Dungeon Overview and Level Annotations

Branches:
Dungeon (3/15)

Altars:


Innate Abilities, Weirdness & Mutations

You do not regenerate when monsters are visible.
You are frail without blood (-20% HP).
You can heal yourself when you bite living creatures.
You are immune to poison.
You have razor-sharp teeth.
You have supernaturally acute eyesight. (SInv)
You are afflicted with vampirism and can become a bat while bloodless.


Message History

There are no items here.
c - 2 scrolls labelled NUOMUW BEPIKU (gained 1)
There are no items here.
You swap places.
A gnoll comes into view. It is wielding a +0 spear.
A gnoll comes into view. It is wielding a +0 club.
A gnoll comes into view. It is wielding a +0 club.
A gnoll comes into view. It is wielding a +0 spear.
Your jackal skeleton crumbles into dust!
Your bat skeleton barely misses the gnoll.
Your bat skeleton closely misses the gnoll.
The gnoll hits you but does no damage.
The gnoll writhes in agony.
Your bat skeleton barely misses the gnoll.
Your bat skeleton misses the gnoll.
Your bat skeleton barely misses the gnoll.
The gnoll hits your bat skeleton with a +0 club.
Your bat skeleton is destroyed!
The gnoll hits you with a +0 spear.
The gnoll writhes in agony.
The gnoll hits you with a +0 spear.
The gnoll writhes in agony!
You kill the gnoll!
The dead are walking!
The gnoll barely resists.
The gnoll hits you but does no damage. The gnoll hits you with a +0 club!
* * * LOW HITPOINT WARNING * * *
The gnoll attacks as you move away! The gnoll hits you with a +0 club.
* * * LOW HITPOINT WARNING * * *
Your gnoll skeleton hits the gnoll but does no damage.
The gnoll hits your gnoll skeleton with a +0 club.
Your gnoll skeleton hits the gnoll.
The gnoll hits your gnoll skeleton with a +0 club. x2
Your gnoll skeleton is destroyed!
You fail to use your ability.
You hear the slow rusting of a drain very nearby.
The gnoll hits you from afar with a +0 spear.
* * * LOW HITPOINT WARNING * * *
Unknown command.
The gnoll attacks as you move away! The gnoll hits you with a +0 club!
You die...

###.$#.#....###..)
#..............!..
#........#.####.#.
#..........# .....
#..........##.....
#....[............
#..........)......
#.#<.....g..........
#.......@g<....#....
#.#####...g.........
# #.....###......
###...# ......
#...## ##.... #..##
#### ####


You could see 3 gnolls.

Vanquished Creatures
  2 gnolls
  3 adders (D:2)
  5 endoplasms
  A giant cockroach (D:2)
  3 goblins
  9 hobgoblins
  2 jackals (D:3)
  3 kobolds
  3 quokkas
  6 ball pythons
  5 bats
  A frilled lizard (D:1)
  3 rats (D:1)
  2 toadstools (D:1)
48 creatures vanquished.

Vanquished Creatures (others)
  2 toadstools (D:1)
2 creatures vanquished.

Grand Total: 50 creatures vanquished

Notes
Turn   | Place    | Note
-------+----------+-------------------------------------------
     0 | D:1      | gobodom the Vampire Necromancer began the quest for the
                  | Orb.
     0 | D:1      | Reached XP level 1. HP: 13/13 MP: 3/3
   379 | D:1      | Found a faded altar of an unknown god.
   394 | D:1      | Reached XP level 2. HP: 3/15 MP: 0/5
   634 | D:1      | Got Plato's Guidebook on the Glacier
   770 | D:1      | Reached skill level 5 in Necromancy
  1512 | D:2      | Gained mutation: You are afflicted with vampirism and can
                  | become a bat while bloodless. [Vampire growth]
  1512 | D:2      | Reached XP level 3. HP: 19/19 MP: 2/6
  2164 | D:2      | Identified the amulet of Mirhi {-Tele rN++ Regen+ Slay+3}
  2427 | D:2      | Reached XP level 4. HP: 24/24 MP: 6/8
  2815 | D:3      | Slain by a gnoll

Illustrated notes

Levels and vault maps discovered:
D:1:      ldierk_water_garden, layout_basic, shapermc_ecumenical_altar_rom_forum
D:2:      layout_loops_corners, grunt_decor_fettered, minmay_vboxes
D:3:      layout_rooms, lightli_temple_of_fire, gammafunk_ghost_cemetery,
          gup_sewer_entry_bubbles

Skill      XL: |  1  2  3 |
---------------+----------+-----
Necromancy     | 5 |  5.4
Spellcasting   | 3 |  3.2
Dodging        | |  2.3
Stealth        | |  3.1
Unarmed Combat | |  0.5

Action                   |  1- 3 |  4- 6 || total
-------------------------+-------+-------++-------
Melee: Unarmed           |    33 |       ||    33
       Bite              |     6 |       ||     6
       Punch             |     2 |       ||     2
 Cast: Necrotise         |    58 |    19 ||    77
 Abil: Exsanguinate      |     1 |       ||     1
 Stab: Sleeping          |     2 |       ||     2
Armor: Robe              |    10 |     3 ||    13
Dodge: Dodged            |    22 |     3 ||    25

Table legend: (Time is in decaauts)
 A = Elapsed time spent in this place.
 B = Non-inter-level travel time spent in this place.
 C = Inter-level travel time spent in this place.
 D = Time resting spent in this place.
 E = Time spent auto-exploring this place.
 F = Levels seen in this place.
 G = Mean time per level.
                   A        B        C        D        E       F      G
               +--------+--------+--------+--------+--------+-----+--------+
         Total |   2814 |   2744 |     70 |    150 |   2154 |   3 |  938.0 |
       Dungeon |   2814 |   2744 |     70 |    150 |   2154 |   3 |  938.0 |
               +--------+--------+--------+--------+--------+-----+--------+

Top non-repeatable levels by time:
     D:1: 1498 daAuts
     D:2: 1264 daAuts
     D:3: 50 daAuts
